 Dungeon Crawl Stone Soup version 0.31.0-12-g77e489cdc1 (webtiles) character file.

Game seed: 12784904799244830685

57 PaiMei the Grave Robber (level 3, 0/25 HPs)
             Began as a Demonspawn Necromancer on Feb 29, 2024.
             Incinerated by a bombardier beetle (4 damage)
             ... with a burning spray
             ... on level 2 of the Dungeon.
             The game lasted 00:01:28 (1281 turns).

PaiMei the Grave Robber (Demonspawn Necromancer)    Turns: 1281, Time: 00:01:29

Health: 0/25       AC:  3    Str: 14    XL:     3   Next: 73%
Magic:  2/6        EV: 12    Int: 17    God:
Gold:   58         SH:  0    Dex: 13    Spells: 3/7 levels left

rFire   . . .        d - +8 trident of Frustration {heavy, Str+6}
rCold   . . .        (no shield)
rNeg    . . .        a - +0 robe
rPois   .            (no helmet)
rElec   .            (no cloak)
rCorr   .            g - +0 pair of gloves
SInv    .            (no boots)
Will    .....        (no amulet)
Stlth   +            (no ring)
HPRegen 0.24/turn    (no ring)
MPRegen 0.10/turn

%: no passive effects
@: lethally poisoned (0 -> -1), on fire, glowing
A: demonic magic 1
a: no special abilities


You were on level 2 of the Dungeon.
You visited 1 branch of the dungeon, and saw 2 of its levels.

You collected 58 gold pieces.

Inventory:

Hand Weapons
 c - a +0 club
 d - the +8 trident of Frustration (weapon) {heavy, Str+6}
   (You found it on level 2 of the Dungeon)

   Str+6:     It affects your strength (+6).
Armour
 a - a +0 robe (worn)
 g - a +0 pair of gloves (worn)
Scrolls
 e - a scroll of noise {unknown}
Potions
 b - a potion of magic
 f - a potion of degeneration {unknown}
 h - a potion of curing {unknown}


   Skills:
 + Level 0.4 Fighting
 + Level 2.3 Dodging
 - Level 2.3 Stealth
 + Level 2.6 Spellcasting
 + Level 4.8 Necromancy


You had 3 spell levels left.
You knew the following spells:

 Your Spells              Type           Power      Damage    Failure   Level
a - Necrotise             Necr           72%        1d7       2%          1
b - Vampiric Draining     Necr           18%        2d7       8%          3

Your spell library contained the following spells:

 Spells                   Type           Power      Damage    Failure   Level
 Animate Dead             Necr           18%        N/A       26%         4
 Curse of Agony           Necr           18%        N/A       56%         5


Dungeon Overview and Level Annotations

Branches:
Dungeon (1/15)

Altars:

Shops:
D:1 *=(


Innate Abilities, Weirdness & Mutations

Spells you cast may paralyse adjacent enemies.


Message History

You kill the adder!
You feel very sick. The adder misses you.
The adder bites you but does no damage.
You puncture the adder!
You kill the adder!
You feel very sick.
You hit the bombardier beetle.
The bombardier beetle is moderately wounded.
You feel sick.
The bombardier beetle sprays incendiary fluid at you.
The burning spray hits you.
You are covered in liquid fire!
Casting: Necrotise (safe; 2% risk of failure)
Confirm with . or Enter, or press ? or * to list all spells.
You don't have enough magic to cast this spell.
Casting: Necrotise (safe; 2% risk of failure)
Confirm with . or Enter, or press ? or * to list all spells.
You don't have enough magic to cast this spell.
Casting: Necrotise (safe; 2% risk of failure)
Confirm with . or Enter, or press ? or * to list all spells.
You don't have enough magic to cast this spell.
Casting: Necrotise (safe; 2% risk of failure)
Confirm with . or Enter, or press ? or * to list all spells.
You don't have enough magic to cast this spell.
You puncture the bombardier beetle!
The bombardier beetle is almost dead.
The liquid fire burns you!
* * * LOW HITPOINT WARNING * * *
You feel sick.
The bombardier beetle barely misses you.
Casting: Necrotise (safe; 2% risk of failure)
Confirm with . or Enter, or press ? or * to list all spells.
You don't have enough magic to cast this spell.
Casting: Necrotise (safe; 2% risk of failure)
Confirm with . or Enter, or press ? or * to list all spells.
You don't have enough magic to cast this spell.
You puncture the bombardier beetle!
You kill the bombardier beetle!
The liquid fire burns you!
You die...

####.# ### ..#.# #.# #.
######.#.####.# ..
<....#.#......# .# #
####.#......#.# .# ..
####.#..###.#.# .###.##
........###.#.# .......
.##.........#.####.....#
.##.........#...@....#
.#..........###.##.#.#
.#.........## #..#...
.#......#.... .......#
.###############.....#
....... ...... .......
####### ####### ......#


There were no monsters in sight!

Vanquished Creatures
  A bombardier beetle (D:2)
  4 adders (D:2)
  2 bats
  3 endoplasms
  A giant cockroach (D:2)
  A goblin (D:1)
  A hobgoblin (D:1)
  4 jackals (D:1)
  A quokka (D:1)
  A frilled lizard (D:1)
19 creatures vanquished.

Vanquished Creatures (collateral kills)
  A rat (D:1)
1 creature vanquished.

Grand Total: 20 creatures vanquished

Notes
Turn   | Place    | Note
-------+----------+-------------------------------------------
     0 | D:1      | PaiMei the Demonspawn Necromancer began the quest for the
                  | Orb.
     0 | D:1      | Reached XP level 1. HP: 13/13 MP: 3/3
   361 | D:1      | Found Unyarer's Assorted Antiques.
   366 | D:1      | Found Tuholo's Jewellery Emporium.
   372 | D:1      | Found Kovoun's Weapon Shoppe.
   388 | D:1      | Gained mutation: Spells you cast may paralyse adjacent
                  | enemies. [demonic ancestry]
   388 | D:1      | Reached XP level 2. HP: 3/19 MP: 0/5
   588 | D:1      | You fall into a shaft and drop 1 floor!
   902 | D:2      | Reached XP level 3. HP: 10/24 MP: 0/6
   906 | D:2      | Learned a level 3 spell: Vampiric Draining
  1084 | D:2      | Identified the +8 trident of Frustration {heavy, Str+6}
  1281 | D:2      | Incinerated by a bombardier beetle

Illustrated notes

Levels and vault maps discovered:
D:1:      ncdulo_smallfort, layout_basic, shapermc_ecumenical_altar_gd,
          serial_shops, shop, nicolae_shop_statue_plus, shop, nicolae_shop_stone
D:2:      layout_basic, minmay_quantized

Skill      XL: |  1 |
---------------+----+-----
Dodging        | 2 |  2.3
Stealth        | 2 |  2.3
Fighting       | |  0.4
Spellcasting   | |  2.6
Necromancy     | |  4.8

Action                     || total
---------------------------++-------
  Melee: Club              ||     9
         Trident           ||     9
   Cast: Necrotise         ||    36
 Armour: Robe              ||    26
  Dodge: Dodged            ||    22
